 Dungeon Crawl Stone Soup version 0.32-a0-918-g0f22ef8d61 (webtiles) character file.

Game seed: 17926648756843998920

2090 sthehill the Ducker (level 9, -2/88 HPs)
             Began as a Troll Fighter on Apr 5, 2024.
             Was an Elder of Nemelex Xobeh.
             Slain by a yak (14 damage)
             ... on level 6 of the Dungeon on Apr 11, 2024.
             The game lasted 00:46:06 (6272 turns).

sthehill the Ducker (Troll Fighter)                 Turns: 6272, Time: 00:46:07

Health: -2/88      AC:  9    Str: 29    XL:     9   Next: 6%
Magic:  8/8        EV: 12    Int:  7    God:    Nemelex Xobeh [****..]
Gold:   367        SH:  9    Dex: 19    Spells: 8/8 levels left

rFire   . . .        h - +2 short sword (venom)
rCold   . . .        c - +0 kite shield
rNeg    . . .        b - +0 robe
rPois   .            (helmet restricted)
rElec   .            q - +2 cloak "Forget-Me-Not" {Int+4}
rCorr   .            (gloves unavailable)
SInv    .            (boots unavailable)
Will    +....        j - amulet of faith
Stlth   ++           m - ring of willpower
HPRegen 1.14/turn    n - +6 ring of dexterity
MPRegen 0.11/turn

%: faith
@: no status effects
A: large, unfitting armour, claws 3, regeneration 1, shaggy fur 1, tough skin 1,
horns 1, iridescent scales 1, agile 1, MP-powered wands
a: Renounce Religion, Draw Escape, Draw Destruction, Draw Summoning, Triple
Draw, Deal Four


You were on level 6 of the Dungeon.
You worshipped Nemelex Xobeh.
Nemelex Xobeh was greatly pleased with you.
You visited 2 branches of the dungeon, and saw 7 of its levels.

You collected 367 gold pieces.

Inventory:

Hand Weapons
 a - a +0 flail
 f - a +0 short sword
 h - a +2 short sword of venom (weapon)
 p - a +1 vampiric short sword
Missiles
 g - 4 poisoned darts (quivered)
 l - 4 javelins
 A - a throwing net
Armour
 b - a +0 robe (worn)
 c - a +0 kite shield (worn)
 q - the +2 cloak "Forget-Me-Not" (worn) {Int+4}
   (You found it on level 2 of the Dungeon)

   Int+4:     It affects your intelligence (+4).
Jewellery
 j - an amulet of faith (around neck)
 m - a ring of willpower (left claw)
 n - a +6 ring of dexterity (right claw)
 y - an amulet of reflection
 C - a ring of wizardry
Scrolls
 o - 2 scrolls of blinking
 s - 2 scrolls of vulnerability
 t - a scroll of summoning {unknown}
 u - 4 scrolls of identify
 w - a scroll of fog {unknown}
 x - a scroll of silence {unknown}
 z - 2 scrolls of revelation {unknown}
Potions
 d - a potion of might
 e - 5 potions of curing
 i - a potion of attraction
 k - a potion of heal wounds
 r - a potion of haste
 v - a potion of lignification
 B - a potion of mutation


   Skills:
 + Level 5.5 Fighting
 + Level 4.6 Short Blades
 - Level 2.0 Maces & Flails
 * Level 7.4 Dodging
 - Level 3.0 Shields


You had 8 spell levels left.
You didn't know any spells.
Your spell library contained the following spells:

 Spells                   Type           Power      Damage    Failure   Level
 Passwall                 Erth           0%         N/A       95%         3
 Volatile Blastmotes      Fire/Tloc      0%         2d10      95%         3
 Vhi's Electric Charge    Tloc/Air       0%         N/A       100%        4
 Bombard                  Conj/Erth      0%         9d1       100%        6


Dungeon Overview and Level Annotations

Branches:
Dungeon (6/15)             Temple (1/1) D:5

Altars:
Ashenzari
Cheibriados
Dithmenos
Elyvilon
Fedhas
Gozag
Hepliaklqana
Kikubaaqudgha
Makhleb
Nemelex Xobeh
Okawaru
Qazlal
Ru
Sif Muna
Trog
Uskayaw
Vehumet
Wu Jian
Yredelemnul
Zin
The Shining One


Innate Abilities, Weirdness & Mutations

You are too large for most types of armour.
You have claws for hands.
Your natural rate of healing is unusually fast.
You are covered in fur. (AC +1)
You have tough skin. (AC +1)
You have a pair of small horns on your head.
You are partially covered in iridescent scales. (AC +2)
You are agile. (Dex +4, Str/Int -1)
You expend magic power (3 MP) to strengthen your wands.


Message History

The yak attacks as it pursues you! You block the yak's attack.
You have reached level 9!
Your experience leads to an increase in your attributes!
Your base attributes are Str 27, Int 4, Dex 9.
Increase (S)trength, (I)ntelligence, or (D)exterity?
You feel stronger. x3
You hit the yak. You headbutt the yak.
The yak is lightly wounded.
You block the yak's attack.
You hit the yak.
The yak is poisoned.
The yak is moderately wounded.
You block the yak's attack.
You closely miss the yak. You headbutt the yak.
The yak is moderately wounded.
The yak barely misses you.
You hit the yak but do no damage. You headbutt the yak.
The yak is heavily wounded.
The yak misses you. You block the yak's attack.
You hit the yak. Your headbutt misses the yak.
The yak is heavily wounded.
The yak gores you. You block the yak's attack.
You hit the yak.
The yak looks as sick as possible!
You headbutt the yak!
You kill the yak!
The yak closely misses you. The yak gores you but does no damage.
You see here a yak corpse.
You hit the yak.
The yak is poisoned.
The yak is lightly wounded.
The yak gores you!
* * * LOW HITPOINT WARNING * * *
You hit the yak.
The yak looks as sick as possible!
Your headbutt misses the yak.
The yak is moderately wounded.
The yak gores you!
* * * LOW HITPOINT WARNING * * *
You hit the yak.
The yak looks as sick as possible!
You headbutt the yak.
The yak is heavily wounded.
The yak gores you!
You die...
Your body glows with a rainbow of weird colours and disappears.

#....#............#
##.<##..####..##.##
#...##..####..####
#....(..#......#
#.....(.#......#
#.......'......#
#.......#......#
#..#######.##'####
##########.##Y@..#
#.....[...#...##
#.........#...#
#.........#...#
#.........#...#
###############


You could see a yak (extremely poisoned).

Vanquished Creatures
  Sigmund (D:5)
  4 yaks (D:6)
  3 black bears (D:5)
  An ice beast (D:6)
  An ogre (D:4)
  A phantom (D:5)
  2 scorpions
  2 bombardier beetles (D:4)
  The ghost of inkslinger the Vexing, a weakling DEEn (D:3)
  3 quasits (D:3)
  2 jellies
  3 hounds
  An iguana (D:6)
  A sleepcap (D:5)
  Natasha (twice) (D:3)
  11 gnolls
  3 adders
  A shadow imp (D:5)
  2 dart slugs (D:3)
  3 ribbon worms
  8 orcs
  6 ball pythons
  3 endoplasms
  3 giant cockroaches
  11 goblins
  10 hobgoblins
  3 jackals (D:5)
  5 quokkas
  8 bats
  2 frilled lizards (D:1)
  6 kobolds
  15 rats
128 creatures vanquished.

Vanquished Creatures (collateral kills)
  A quasit (D:3)
1 creature vanquished.

Grand Total: 129 creatures vanquished

Notes
Turn   | Place    | Note
-------+----------+-------------------------------------------
     0 | D:1      | sthehill the Troll Fighter began the quest for the Orb.
     0 | D:1      | Reached XP level 1. HP: 22/22 MP: 0/0
   411 | D:1      | Found a faded altar of an unknown god.
   425 | D:1      | Prayed at the altar of an unknown god.
   425 | D:1      | Became a worshipper of Nemelex Xobeh the Trickster
   425 | D:1      | Reached * piety under Nemelex Xobeh
   425 | D:1      | Received a gift from Nemelex Xobeh
   446 | D:1      | Reached XP level 2. HP: 29/29 MP: 1/1
  1268 | D:2      | Reached ** piety under Nemelex Xobeh
  1381 | D:2      | Reached XP level 3. HP: 36/36 MP: 2/2
  1392 | D:2      | Identified the +2 cloak "Forget-Me-Not" {Int+4}
  1910 | D:3      | Noticed a scorpion
  1923 | D:3      | Killed a scorpion
  1924 | D:3      | Reached skill level 1 in Short Blades
  1924 | D:3      | Reached skill level 3 in Dodging
  1924 | D:3      | Reached XP level 4. HP: 45/45 MP: 3/3
  1955 | D:3      | Noticed Natasha
  1965 | D:3      | Killed Natasha
  2022 | D:3      | Reached XP level 5. HP: 17/53 MP: 4/4
  2100 | D:3      | Noticed inkslinger's ghost (weakling DEEn)
  2109 | D:3      | Found a transporter.
  2120 | D:3      | Found a transporter.
  2139 | D:3      | Killed inkslinger's ghost
  2140 | D:3      | Reached skill level 4 in Dodging
  2164 | D:3      | Reached XP level 6. HP: 54/61 MP: 5/5
  2169 | D:3      | Lost dexterity.
  2183 | D:3      | Gained mutation: You expend magic power (3 MP) to
                  | strengthen your wands. [potion of mutation]
  2183 | D:3      | Gained mutation: You have a pair of small horns on your
                  | head. [potion of mutation]
  2183 | D:3      | Gained mutation: You have hidden genetic potential. [potion
                  | of mutation]
  2243 | D:3      | Identified the +2 dagger of Raqowiab {heavy, +Blink}
  3947 | D:3      | Noticed Natasha
  3957 | D:3      | Killed Natasha
  4170 | D:4      | Upgraded the game from 0.32-a0-900-g30fb1b0edc to
                  | 0.32-a0-918-g0f22ef8d61
  4280 | D:4      | Reached XP level 7. HP: 34/68 MP: 6/6
  4286 | D:4      | Gained mutation: You are agile. (Dex +4, Str/Int -1)
                  | [hidden potential]
  4347 | D:4      | Reached skill level 5 in Dodging
  4551 | D:4      | Reached *** piety under Nemelex Xobeh
  4744 | D:4      | Received a gift from Nemelex Xobeh
  4878 | D:5      | Entered Level 5 of the Dungeon
  4878 | D:5      | Noticed Sigmund
  4894 | D:5      | Found a sand-covered staircase.
  4915 | D:5      | Killed Sigmund
  5084 | D:5      | Received a gift from Nemelex Xobeh
  5171 | D:5      | Found a staircase to the Ecumenical Temple.
  5243 | D:5      | Reached XP level 8. HP: 70/79 MP: 7/7
  5270 | D:5      | Reached skill level 6 in Dodging
  5272 | D:5      | Gained mutation: You are partially covered in iridescent
                  | scales. (AC +2) [hidden potential]
  5272 | D:5      | Lost mutation: You have hidden genetic potential. [hidden
                  | potential expressed]
  5544 | D:5      | Reached **** piety under Nemelex Xobeh
  5904 | D:5      | Received a gift from Nemelex Xobeh
  6049 | Temple   | Entered the Ecumenical Temple
  6136 | D:6      | Reached skill level 5 in Fighting
  6239 | D:6      | Reached skill level 7 in Dodging
  6263 | D:6      | Reached XP level 9. HP: 27/88 MP: 8/8
  6272 | D:6      | Slain by a yak

Illustrated notes

Levels and vault maps discovered:
D:1:      dpeg_arrival_houses_and_road, layout_loops_corners,
          hellmonk_ecumenical_altar_run_dry
D:2:      layout_loops_ring, minmay_rat_gold_closets
D:3:      layout_loops_cross, gammafunk_ghost_stat_death, grunt_decor_fettered,
          dreamdust_wishing_well, uniq_natasha
D:4:      layout_gridville, chequers_serial_rivers_large_a
D:5:      layout_loops_corners, temple_doors_e, enter_ossuary_1, uniq_sigmund
D:6:      layout_gridville, serial_shops, nicolae_shop_real_fake_doors
Temple:   roderic_octagonal_lattice_temple

Skill      XL: |  1  2  3  4  5  6  7  8 |
---------------+-------------------------+-----
Maces & Flails | 2 |  2.0
Shields        | 3 |  3.0
Fighting       | 3 4 5 |  5.5
Short Blades   | 1 2 3 4 |  4.6
Dodging        | 3 4 5 7 |  7.4

Action                     |  1- 3 |  4- 6 |  7- 9 || total
---------------------------+-------+-------+-------++-------
  Melee: Flail             |     6 |       |       ||     6
         Short sword       |   126 |   181 |   182 ||   489
         Headbutt          |       |    19 |    59 ||    78
  Throw: Dart              |       |     6 |    10 ||    16
 Invoke: Draw Destruction  |     1 |     2 |       ||     3
         Draw Summoning    |       |     1 |       ||     1
    Use: Scroll            |     6 |       |     1 ||     7
         Potion            |       |     2 |       ||     2
 Armour: Robe              |    74 |   348 |   127 ||   549
  Dodge: Dodged            |    37 |   122 |    71 ||   230
  Block: Kite shield       |    38 |    78 |    83 ||   199

Table legend: (Time is in decaauts)
 A = Elapsed time spent in this place.
 B = Non-inter-level travel time spent in this place.
 C = Inter-level travel time spent in this place.
 D = Time resting spent in this place.
 E = Time spent auto-exploring this place.
 F = Levels seen in this place.
 G = Mean time per level.
                   A        B        C        D        E       F      G
               +--------+--------+--------+--------+--------+-----+--------+
         Total |   6998 |   6972 |     26 |   2374 |      0 |   7 |  999.7 |
       Dungeon |   6987 |   6961 |     26 |   2374 |      0 |   6 | 1164.5 |
        Temple |     10 |     10 |      0 |      0 |      0 |   1 |   10.0 |
               +--------+--------+--------+--------+--------+-----+--------+

Top non-repeatable levels by time:
     D:3: 2991 daAuts
     D:5: 1193 daAuts
     D:2: 960 daAuts
     D:1: 926 daAuts
     D:4: 737 daAuts
     D:6: 179 daAuts
  Temple: 10 daAuts
